 Dungeon Crawl Stone Soup version 0.15-a0-258-g027b8cd (webtiles) character file.

294 MrRokkomies the Digger (level 5, -5/28 HPs)
             Began as a Gargoyle Earth Elementalist on Apr 27, 2014.
             Slain by an iguana (10 damage)
             ... on Level 4 of the Dungeon.
             The game lasted 00:10:51 (3282 turns).

MrRokkomies the Digger (GrEE)                       Turns: 3282, Time: 00:10:51

HP  -5/28        AC 10     Str 11      XL: 5   Next: 15%
MP   8/9         EV 10     Int 17      God:
Gold 162         SH  0     Dex 10      Spells:  3 memorised,  2 levels left

rFire  . . .     SeeInvis .     a - +1,+0 flail
rCold  . . .     Clarity  .     s - +0 leather armour
rNeg   + . .     Conserve .     (no shield)
rPois  +         rCorr    .     k - +2 hat
rElec  +         rRot     +     A - +0 cloak
SustAb . .       Spirit   .     (no gloves)
rMut   .         Warding  .     (no boots)
Saprov . . .     Stasis   .     (no amulet)
MR     .....                    (no ring)
                                (no ring)

@: not resistant to hostile enchantments, unstealthy
A: life protection 1, electricity resistance, unbreathing, petrification
resistance, AC +4
a: no special abilities


You were on level 4 of the Dungeon.
You were starving.

You visited 1 branch of the dungeon, and saw 4 of its levels.

You collected 162 gold pieces.

Inventory:

Hand weapons
 a - a +1,+0 flail (weapon)
 t - a +0,+2 sling
 u - a cursed -1 blowgun
Missiles
 b - 132 stones
 n - 5 tomahawks (quivered)
 y - 27 poisoned needles
Armour
 k - a +2 hat (worn)
 s - a +0 leather armour (worn)
 A - a +0 cloak (worn)
Magical devices
 q - a wand of random effects (4)
 B - a wand of confusion (17) {unknown}
Comestibles
 l - 4 bread rations
 x - 2 meat rations
 C - a royal jelly
Scrolls
 e - a scroll of immolation
 f - a scroll of blinking
 i - 3 scrolls of teleportation
 j - a scroll of amnesia {unknown}
 r - a scroll of enchant weapon I
Potions
 c - a potion of heal wounds {unknown}
 g - a potion of berserk rage {unknown}
 h - 3 potions of curing
 o - 2 potions of might
 p - a potion of agility {unknown}
 v - a potion of brilliance {unknown}
 w - a potion of mutation {unknown}
Books
 d - a book of Geomancy

   Spells                             Type                      Level
   *Sandblast                         Earth                        1
   *Stoneskin                         Transmutation/Earth          2
   Passwall                           Transmutation/Earth          3
   *Stone Arrow                       Conjuration/Earth            3
   Petrify                            Transmutation/Earth          4
   Lee's Rapid Deconstruction         Earth                        5


   Skills:
 * Level 2.9 Maces & Flails
 - Level 2.0 Dodging
 - Level 2.1 Stealth
 - Level 2.0 Spellcasting
 - Level 0.7 Transmutations
 + Level 5.5 Earth Magic


You had 2 spell levels left.
You knew the following spells:

 Your Spells              Type           Power        Failure   Level  Hunger
a - Sandblast             Erth           ###...       1%          1    #......
b - Stoneskin             Trmt/Erth      ##........   10%         2    ###....
c - Stone Arrow           Conj/Erth      ##....       21%         3    ####...


Dungeon Overview and Level Annotations

Branches:
Dungeon (4/15)
 Temple: D:4-7

Altars:
Fedhas


Innate Abilities, Weirdness & Mutations

You are resistant to torment.
You are immune to poison.
You are immune to rotting.
Your stone body is very resilient (AC +4).
You resist negative energy.
You are resistant to electric shocks.
You can survive without breathing.
You are immune to petrification.


Message History

You hit the iguana but do no damage.
The iguana is severely wounded.
The iguana barely misses you.
You completely miss the iguana.
The iguana is severely wounded.
The iguana bites you!
* * * LOW HITPOINT WARNING * * *
You closely miss the iguana.
The iguana is severely wounded.
The iguana bites you but does no damage. x2
You hit the iguana.
The iguana is almost dead.
The iguana barely misses you.
You hit the iguana but do no damage.
The iguana is almost dead.
The iguana bites you but does no damage.
You closely miss the iguana.
The iguana is almost dead.
The iguana bites you!
You die...

######### ###........
#.'......... #
###########.#@........ #
#.........#.#l........
####>........#.#....$...
.............#.#........
####.........#.#.....!..
#...........#......<
#.........####+####
###.####### #..# ##.#


You could see an iguana.

Vanquished Creatures
  A worker ant (D:4)
  3 adders
  2 worms (D:2)
  2 oozes (D:1)
  4 orcs (D:3)
  A giant cockroach (D:1)
  13 goblins
  6 hobgoblins
  8 kobolds
  A ball python (D:2)
  9 bats
  3 giant geckos
  3 giant newts
  2 rats
58 creatures vanquished.

Notes
Turn   | Place    | Note
--------------------------------------------------------------
     0 | D:1      | MrRokkomies, the Gargoyle Earth Elementalist, began the quest for the Orb.
     0 | D:1      | Reached XP level 1. HP: 10/10 MP: 3/3
   260 | D:1      | Reached skill level 4 in Earth Magic
   374 | D:1      | Reached XP level 2. HP: 10/15 MP: 4/4
  1145 | D:1      | Reached XP level 3. HP: 15/19 MP: 6/6
  1390 | D:2      | Reached skill level 5 in Earth Magic
  1394 | D:2      | Learned a level 2 spell: Stoneskin
  1398 | D:2      | Learned a level 3 spell: Stone Arrow
  1585 | D:2      | Reached skill level 1 in Maces & Flails
  1615 | D:2      | Reached XP level 4. HP: 6/24 MP: 0/7
  1937 | D:2      | Found a blossoming altar of Fedhas.
  3160 | D:4      | Reached XP level 5. HP: 28/28 MP: 1/9
  3282 | D:4      | Slain by an iguana

Action                   |  1- 3 |  4- 6 || total
-------------------------+-------+-------++-------
Melee: Unarmed           |   131 |       ||   131
       Whip              |    95 |    75 ||   170
       Flail             |       |    79 ||    79
 Cast: Sandblast         |    25 |     7 ||    32
       Stone Arrow       |     1 |     1 ||     2
       Stoneskin         |       |     1 ||     1
Evoke: Wand              |       |     1 ||     1
  Use: Scroll            |       |     8 ||     8
 Stab: Sleeping          |     1 |       ||     1
